 Dungeon Crawl Stone Soup version 0.18-a0-775-g4d9e04e (webtiles) character file.

10287 4thArraOfDagon the Unseen (level 11, 1/53 HPs)
             Began as a Felid Fighter on Dec 13, 2015.
             Was a High Priest of Dithmenos.
             Quit the game on level 1 of the Elven Halls.
             The game lasted 00:55:30 (9160 turns).

4thArraOfDagon the Unseen (Felid Fighter)           Turns: 9160, Time: 00:55:30

Health: 1/53       AC:  3    Str: 12    XL:     11   Next: 34%
Magic:  0/26       EV: 27    Int: 11    God:    Dithmenos [*****.]
Gold:   661        SH:  0    Dex: 17    Spells: 0 memorised, 10 levels left
                                        Lives:  0   Deaths: 3

rFire  . . .     SeeInvis +       - Unarmed
rCold  + + .     Clarity  .     (armour unavailable)
rNeg   + + +     SustAt   .     (shield unavailable)
rPois  ∞         Gourm    .     (helmet unavailable)
rElec  +         Spirit   +     (cloak unavailable)
rCorr  .         Dismiss  .     (gloves unavailable)
rMut   .         Stasis   .     (boots unavailable)
MR     +++++                    g - amulet of guardian spirit
Stlth  +++++.....               m - ring of magical power
                                w - ring of stealth

@: liquid flames, shadow-form, glowing, drained, invisible (but backlit and
visible), quick, immune to hostile enchantments, quite stealthy
A: no armour, no weapons or thrown items, claws 1, fangs 3, see invisible,
carnivore 3, clumsy 1, cold resistance 1, speed 1, shaggy fur 3, electricity
resistance, slow metabolism 1, sharp paws
a: End Transformation, Shadow Step, Shadow Form, Renounce Religion


You were on level 1 of the Elven Halls.
You worshipped Dithmenos.
Dithmenos was extremely pleased with you.
You were very full.
You were a swirling mass of dark shadows.
You visited 5 branches of the dungeon, and saw 25 of its levels.

You collected 1055 gold pieces.
You spent 394 gold pieces at shops.

Inventory:

Jewellery
 g - an amulet of guardian spirit (around neck)
 j - a +2 ring of evasion
 m - a ring of magical power (right paw)
 o - an uncursed ring of wizardry
 w - a ring of stealth (left paw)
 B - an uncursed ring of flight
 N - an uncursed ring of protection from fire
 R - an uncursed ring of protection from magic {unknown}
Wands
 a - a wand of paralysis (8)
 c - a wand of cold (6)
 n - a wand of confusion (16)
 s - a wand of disintegration (5)
 t - a wand of digging (1)
 v - a wand of polymorph (14)
 x - a wand of frost (20)
 z - a wand of confusion (30)
 I - a wand of digging (19)
 O - a wand of cold (5)
 Q - a wand of fire (3)
Scrolls
 e - a scroll of amnesia
 f - 2 scrolls of blinking
 p - 5 scrolls of remove curse
 y - a scroll of enchant armour
 A - a scroll of vulnerability
 C - a scroll of magic mapping
 D - a scroll of brand weapon
 E - a scroll of noise
 F - 2 scrolls of recharging
Potions
 h - a potion of berserk rage
 i - 5 potions of brilliance
 q - a potion of magic
 u - a potion of cure mutation
 G - a potion of curing
 H - 4 potions of might
 K - 2 potions of lignification
 L - a potion of haste
 P - a potion of ambrosia {unknown}
Books
 M - a book of Hinderance

   Spells                             Type                      Level
   a - Confusing Touch                Hexes                        2
   b - Confuse                        Hexes                        3
   c - Gell's Gravitas                Hexes/Translocation          3
   d - Petrify                        Transmutation/Earth          4
   e - Metabolic Englaciation         Hexes/Ice                    5
   f - Yara's Violent Unravelling     Hexes/Transmutation          5
Miscellaneous
 d - a sack of spiders {used: 5}
 l - a piece from Xom's chessboard
Comestibles
 b - 5 meat rations
 k - 2 slices of pizza
 r - 7 beef jerkies
 J - a royal jelly


   Skills:
 + Level 9.0(8.2) Fighting
 + Level 11.9(11.0) Dodging
 * Level 16.8(15.8) Stealth
 * Level 12.2(11.3) Unarmed Combat
 + Level 7.7(6.8) Invocations
 - Level 5.3(4.6) Evocations


You had 10 spell levels left.
You didn't know any spells.

Dungeon Overview and Level Annotations

Branches:
Dungeon (13/15)            Temple (1/1) D:6            Lair (8/8) D:9
  Slime (0/6) Lair:7          Orc (2/2) D:11            Elf (1/3) Orc:2
 Vaults (0/5) D:13
  Swamp: Lair:3-6    Shoals: Lair:3-6     Snake: Lair:3-6    Spider: Lair:3-6

Altars:
Cheibriados
Dithmenos
Fedhas
Gozag
Kikubaaqudgha
Nemelex Xobeh
Okawaru
Qazlal
Ru
Trog
Vehumet
Xom
Yredelemnul
The Shining One

Shops:
D:5 [   D:12 %   Orc:1 }   Orc:2 }?(}[

Annotations:
D:4 Edmund; Eustachio; Grinder; Kolbur's ghost, weakling KoBe; Menkaure
D:6 Sigmund
D:7 Pikel
D:13 Donald; Rupert; Snorg
Orc:2 exclusion: upstairs


Innate Abilities, Weirdness & Mutations

You cannot wear armour.
You are incapable of wielding weapons or throwing items.
You have sharp claws.
You have razor-sharp teeth.
You have supernaturally acute eyesight.
You are carnivorous and can eat meat at any time.
You cover ground quickly.
Your thick and shaggy fur keeps you warm (AC +3, rC+).
You have a slow metabolism.
Your sharp claws are effective at attacking unaware monsters.
You are clumsy. (Dex -2)
Your flesh is cold resistant.
You are resistant to electric shocks.


Message History

Unknown command.
Read which item? (? for menu, Esc to quit)
Blink to where?
Press: ? - help, Dir - move target cursor, f - you
Okay, then.
Unknown command.
You scratch the mace of holy wrath.
The mace of holy wrath is lightly damaged.
You are covered in liquid flames!
* * * LOW HITPOINT WARNING * * *
You emit a cloud of dark smoke.
You feel drained.
The deep elf mage gestures wildly while chanting.
The deep elf mage blinks!
The deep elf mage casts a spell.
The mace of holy wrath misses you.
Unknown command.
Unknown command.
Drink which item? (? for menu, Esc to quit)
Okay, then.
Are you sure you want to abandon this character and quit the game? (Confirm with "yes".)

################.##
#....E(Wee.....e.$#
...§§E#####.######
#.### #.# #.# #.#
######e# #.e..§.#
#e###..# #....e##


You could see a deep elf mage, 2 fire elementals, a deep elf fighter (invisible)
and a mace of holy wrath.

Vanquished Creatures
  3 orc high priests (Orc:2)
  Sonja (D:13)
  2 hill giants
  3 orc sorcerers (Orc:2)
  3 deep elf magi
  2 elephants (Lair:6)
  5 orc knights (Orc:2)
  A cyclops (D:12)
  2 black mambas
  10 spiny frogs
  A centaur skeleton (D:12)
  2 fire drakes
  5 polar bears (Lair:1)
  A troll (Orc:2)
  2 komodo dragons
  A blink frog (Lair:8)
  A hungry ghost (D:11)
  A basilisk (D:12)
  A human (shapeshifter) (D:13)
  A vampire mosquito (Lair:8)
  A hill giant zombie (D:11)
  2 hippogriffs
  23 yaks
  4 humans
  2 wyverns
  7 water moccasins
  4 wolves
  4 soldier ants (D:12)
  A wasp (D:12)
  6 porcupines
  11 orc warriors
  3 phantoms
  2 sky beasts
  8 black bears (Lair:1)
  7 ogres
  3 centaurs
  11 crocodiles
  2 big kobolds
  16 giant frogs
  6 killer bees (D:12)
  6 scorpions
  2 troll zombies (D:11)
  2 wights (D:7)
  4 crimson imps
  A quasit (D:12)
  4 jellies
  15 orc wizards
  A lava snake (D:9)
  5 hounds
  5 orc priests (Orc:2)
  Ijyb (D:3)
  5 iguanas
  17 worker ants
  16 sheep
  5 ogre zombies (D:11)
  14 adders
  22 river rats
  A gnoll (D:4)
  2 shadow imps (D:12)
  5 oozes
  An adder skeleton (D:4)
  3 worms
  2 giant geckos
  52 orcs
  A bat (D:3)
  4 giant cockroaches
  A hobgoblin (D:1)
  3 jackals (D:1)
  A giant gecko skeleton (D:5)
  4 giant newts
  3 goblin skeletons (D:11)
  4 goblin zombies (D:11)
  2 hobgoblin skeletons (D:11)
  3 hobgoblin zombies (D:11)
  A jackal skeleton (D:5)
  8 kobolds
  2 orc skeletons (D:11)
  11 orc zombies (D:11)
  A fungus (D:4)
411 creatures vanquished.

Vanquished Creatures (collateral kills)
  Harold (D:11)
  A queen ant (D:12)
  A hill giant (D:11)
  A spiny frog (Lair:8)
  A troll (D:12)
  A soldier ant (D:12)
  4 worker ants (D:12)
  2 orcs (D:11)
12 creatures vanquished.

Vanquished Creatures (others)
  13 fungi
  12 plants
25 creatures vanquished.

Grand Total: 448 creatures vanquished

Notes
Turn   | Place    | Note
--------------------------------------------------------------
     0 | D:1      | 4thArraOfDagon the Felid Fighter began the quest for the Orb.
     0 | D:1      | Reached XP level 1. HP: 10/10 MP: 2/2
     2 | D:1      | Noticed a dwarf
     4 | D:1      | Noticed a vine stalker
     4 | D:1      | Noticed a ghoul
     6 | D:1      | Noticed a formicid
     8 | D:1      | Noticed a draconian
     8 | D:1      | Noticed an octopode
    10 | D:1      | Noticed an ogre
    10 | D:1      | Noticed a naga
    12 | D:1      | Noticed a tengu
    12 | D:1      | Noticed a centaur
    14 | D:1      | Noticed a demonspawn
    18 | D:1      | Noticed a gargoyle
    18 | D:1      | Noticed a human
    20 | D:1      | Noticed a troll
    20 | D:1      | Noticed an elf
    22 | D:1      | Noticed a merfolk
    24 | D:1      | Noticed a minotaur
    26 | D:1      | Noticed a vampire
    26 | D:1      | Noticed a demigod
    28 | D:1      | Noticed a spriggan
    28 | D:1      | Noticed a felid
    71 | D:2      | Reached XP level 2. HP: 8/14 MP: 3/3
   231 | D:2      | Found a glowing golden altar of the Shining One.
   231 | D:2      | Found a shimmering altar of Xom.
   248 | D:2      | Reached XP level 3. HP: 6/17 MP: 4/4
   314 | D:3      | Found a radiant altar of Vehumet.
   383 | D:3      | Noticed Ijyb
   388 | D:4      | Reached skill level 5 in Stealth
   453 | D:4      | Reached XP level 4. HP: 14/21 MP: 5/5
   464 | D:4      | Noticed Grinder
   495 | D:4      | Noticed Menkaure
   520 | D:4      | Noticed Edmund
   533 | D:4      | Found a blossoming altar of Fedhas.
   649 | D:4      | Reached skill level 6 in Stealth
   699 | D:5      | Entered Level 5 of the Dungeon
   701 | D:5      | Noticed an ogre
   710 | D:5      | Killed an ogre
   710 | D:5      | Reached XP level 5. HP: 12/24 MP: 6/6
   762 | D:4      | Noticed Kolbur's ghost (weakling KoBe)
   865 | D:5      | Noticed a centaur
   870 | D:5      | Killed a centaur
   870 | D:5      | Reached skill level 7 in Stealth
   870 | D:5      | Gained mutation: You are covered in thick fur (AC +2). [Felid growth]
   870 | D:5      | Reached XP level 6. HP: 22/28 MP: 7/7
   918 | D:5      | You fall through a shaft!
   978 | D:6      | Noticed Pikel
   998 | D:7      | Reached skill level 5 in Unarmed Combat
  1162 | D:7      | Noticed a hill giant
  1218 | D:7      | Found a shadowy altar of Dithmenos.
  1222 | D:7      | Became a worshipper of Dithmenos the Shadowed
  1229 | D:7      | Reached skill level 5 in Dodging
  1229 | D:7      | Reached skill level 8 in Stealth
  1238 | D:7      | Reached XP level 7. HP: 4/31 MP: 1/8
  1356 | D:6      | Found a staircase to the Ecumenical Temple.
  1371 | Temple   | Entered the Ecumenical Temple
  1429 | D:5      | Found Waunk's Armour Boutique.
  1742 | D:6      | Noticed Sigmund
  1830 | D:4      | Noticed Eustachio
  1865 | D:3      | Killed Ijyb
  2230 | D:2      | Reached * piety under Dithmenos
  2258 | D:2      | Gained mutation: Your flesh is cold resistant. [potion of mutation]
  2258 | D:2      | Gained mutation: You are resistant to electric shocks. [potion of mutation]
  2258 | D:2      | Gained mutation: You are clumsy. (Dex -2) [potion of mutation]
  2365 | D:3      | Found a stormy altar of Qazlal.
  2365 | D:3      | Found a blossoming altar of Fedhas.
  2415 | D:3      | You fall through a shaft for 3 floors!
  2591 | D:8      | Reached skill level 9 in Stealth
  2613 | D:8      | Reached skill level 1 in Invocations
  2613 | D:8      | Reached XP level 8. HP: 14/36 MP: 4/9
  2860 | D:9      | Reached ** piety under Dithmenos
  2860 | D:9      | Reached skill level 10 in Stealth
  2968 | D:9      | Reached skill level 5 in Fighting
  3073 | D:9      | Found a staircase to the Lair.
  3135 | D:10     | Entered Level 10 of the Dungeon
  3139 | D:10     | Reached XP level 9. HP: 40/40 MP: 11/11
  3304 | D:11     | Noticed Harold
  3335 | D:11     | Noticed a hill giant
  3351 | D:11     | Killed a hill giant
  3351 | D:11     | Reached skill level 11 in Stealth
  3351 | D:11     | Reached skill level 1 in Evocations
  3443 | D:11     | Killed Harold
  3476 | D:10     | Noticed a hill giant
  3489 | D:10     | Killed a hill giant
  3791 | D:12     | Reached XP level 10. HP: 45/45 MP: 13/13
  3849 | D:12     | Noticed a cyclops
  3876 | D:12     | Killed a cyclops
  3876 | D:12     | Reached skill level 12 in Stealth
  3936 | D:12     | Noticed a hill giant
  3937 | D:12     | Noticed a deep elf mage
  3938 | D:12     | Killed a hill giant
  3945 | D:12     | Killed a deep elf mage
  4076 | D:11     | Noticed a deep elf mage
  4111 | D:12     | Reached skill level 5 in Evocations
  4234 | D:12     | Reached *** piety under Dithmenos
  4248 | D:12     | Noticed a queen ant
  4298 | D:12     | Killed a queen ant
  4298 | D:12     | Reached skill level 13 in Stealth
  4517 | D:13     | Found a gate to the Vaults.
  4517 | D:13     | Noticed Rupert
  4517 | D:13     | Noticed Donald
  4517 | D:13     | Noticed a skeletal warrior
  4517 | D:13     | Noticed Snorg
  4517 | D:13     | Noticed a brown ugly thing
  4517 | D:13     | Noticed an unseen horror
  4525 | D:12     | Found Fokoagaok's Food Shoppe.
  4560 | D:13     | Noticed a deep elf mage
  4564 | D:13     | Killed a deep elf mage
  4564 | D:13     | Reached XP level 11. HP: 21/49 MP: 16/16
  4690 | D:13     | Noticed Sonja
  4692 | D:13     | Killed Sonja
  4692 | D:13     | Reached **** piety under Dithmenos
  4692 | D:13     | Reached skill level 5 in Invocations
  4895 | D:11     | Found a staircase to the Orcish Mines.
  5154 | Orc:1    | Entered Level 1 of the Orcish Mines
  5167 | Orc:2    | Entered Level 2 of the Orcish Mines
  5252 | Orc:2    | Found a staircase to the Elven Halls.
  5281 | Orc:2    | Reached skill level 10 in Unarmed Combat
  5307 | Orc:2    | Found Niotuqio's Antique Armour Shoppe.
  5314 | Orc:2    | Reached skill level 14 in Stealth
  5392 | Orc:1    | Found Xahevur's Gadget Emporium.
  5406 | Orc:2    | Reached ***** piety under Dithmenos
  5640 | Orc:2    | Paralysed by an orc sorcerer for 6 turns
  5647 | Orc:2    | HP: 1/50 [smoke demon[an orc sorcerer] (3)]
  5648 | Orc:2    | Engulfed by a smoke demon's steam
  5649 | Orc:2    | Reached XP level 10. HP: 0/47 MP: 0/24
  5672 | Orc:2    | ROTFL
  5729 | Orc:2    | Noticed an orc sorcerer
  5759 | Orc:2    | Killed an orc knight
  5897 | Orc:2    | Noticed an orc knight
  5897 | Orc:2    | Noticed an orc high priest
  5898 | Orc:2    | Noticed an orc high priest
  5898 | Orc:2    | Noticed an orc knight
  5900 | Orc:2    | Noticed an orc high priest
  5907 | Orc:2    | Noticed a sun demon
  5919 | Orc:2    | Killed an orc high priest
  5927 | Orc:2    | Killed an orc knight
  5935 | Orc:2    | Killed an orc high priest
  5935 | Orc:2    | Reached XP level 11. HP: 27/50 MP: 16/16
  5949 | Orc:2    | Killed an orc high priest
  5949 | Orc:2    | Reached skill level 10 in Dodging
  6155 | Orc:2    | Reached skill level 15 in Stealth
  6271 | Orc:2    | Paralysed by an orc sorcerer for 2 turns
  6292 | Orc:2    | Found Laf Odd's Gadget Boutique.
  6292 | Orc:2    | Found Plog's Gadget Shoppe.
  6294 | Orc:2    | Found Hod Asot's Antique Weapon Boutique.
  6294 | Orc:2    | Found Yrioteapp's Magic Scroll Shoppe.
  6312 | Orc:2    | Bought a wand of paralysis (9) for 165 gold pieces
  6314 | Orc:2    | Bought a scroll of magic mapping for 59 gold pieces
  6314 | Orc:2    | Bought a scroll of identify for 34 gold pieces
  6314 | Orc:2    | Bought a scroll of identify for 34 gold pieces
  6314 | Orc:2    | Bought a scroll of identify for 34 gold pieces
  6314 | Orc:2    | Bought a scroll of remove curse for 51 gold pieces
  6314 | Orc:2    | Bought a scroll of noise for 17 gold pieces
  6367 | Elf:1    | Entered Level 1 of the Elven Halls
  6367 | Elf:1    | Noticed a scimitar of slicing
  6521 | Lair:1   | Entered Level 1 of the Lair of Beasts
  7186 | Lair:4   | Noticed a five-headed hydra
  7271 | Lair:6   | Gained mutation: Your thick and shaggy fur keeps you warm (AC +3, rC+). [Felid growth]
  7271 | Lair:6   | Reached XP level 12. HP: 48/55 MP: 18/18
  7421 | Lair:6   | Reached skill level 16 in Stealth
  7612 | Lair:7   | Noticed a five-headed hydra
  7658 | Lair:7   | Found a staircase to the Slime Pits.
  7739 | Lair:8   | Entered Level 8 of the Lair of Beasts
  7826 | Lair:8   | Slain by a spiny frog
  7827 | Lair:8   | Reached XP level 11. HP: -3/52 MP: 17/17
  8128 | Lair:8   | HP: 2/52 [poisoned by a spiny frog]
  8199 | Lair:8   | HP: 1/52 [poisoned by a spiny frog]
  8200 | Lair:8   | Succumbed to a spiny frog's poison
  8201 | Lair:8   | Reached XP level 10. HP: 0/49 MP: 4/25
  8335 | Lair:5   | Noticed a four-headed hydra
  8567 | Lair:3   | Reached XP level 11. HP: 50/52 MP: 17/17
  8683 | Lair:2   | Reached ****** piety under Dithmenos
  9130 | Elf:1    | Noticed a deep elf sorcerer
  9148 | Elf:1    | Noticed a mace of holy wrath
  9159 | Elf:1    | HP: 1/53 [burnt (2)]
  9160 | Elf:1    | Quit the game

Vault maps used:
D:1:      kb_arrival_jail
D:2:      gammafunk_temple_overflow_pools, first_bread, grunt_ministairs_2,
          hex_tiny, st_stairs_7
D:3:      grunt_temple_overflow_forces_of_nature, old_standard_altar, uniq_iyjb,
          uniq_natasha
D:4:      zin_angel, minmay_misc_feat_nine_boxes, fedhas_altar_3, uniq_edmund,
          uniq_menkaure, uniq_grinder, uniq_eustachio
D:5:      serial_shops, shop_fountains, portal_sewer_entry_f, grunt_ministairs_3
D:6:      minmay_temple_entry_statues, uniq_sigmund, uniq_pikel
D:7:      led_sif_pool, lemuel_crystal_altar, hex_intersection,
          grunt_dithmenos_smoke
D:8:      serial_bayou, serial_bayou_pond_e, serial_bayou_pond_a,
          serial_bayou_pond_d, serial_bayou_pond_e, uniq_erica, uniq_maurice
D:9:      lair_0_dummy, grunt_ogre_cave, minmay_misc_feat_doors,
          kennysheep_generic_room_9
D:11:     zombieorc2_lemuel, uniq_harold
D:12:     serial_shops, shop_statue, zaba_antful_of_joy
D:13:     david_vaults_3, serial_shops, shop, uniq_sonja, uniq_snorg
Temple:   circular_temple_12
Lair:1:   beast_lair_carwin_large_4, bh_autumn_forest_stairs
Lair:2:   wad_woods_river_01
Lair:4:   lemuel_fruit_tree, grunt_megastairs_1
Lair:5:   minmay_shoals_entry_centaurs, guppyfry_snake_entry_garden,
          beast_lair_carwin_2
Lair:6:   beast_lair_carwin_6
Lair:7:   boulder_quad_collide, nicolae_slime_entry_slimehenge, uniq_rupert
Lair:8:   minmay_lair_end_frog_pond
Orc:1:    serial_shops, nicolae_shop_window_shopping, minmay_orc_temple_b,
          uniq_urug
Orc:2:    grunt_orc_tribal_feast, serial_shops, shop_fountains
Elf:1:    minmay_elf_arrival_plus, serial_shops, shop, hangedman_corner_corridor

Action                   |  1- 3 |  4- 6 |  7- 9 | 10-12 || total
-------------------------+-------+-------+-------+-------++-------
Melee: Unarmed           |    33 |    83 |   255 |  1062 ||  1433
Invok: Shadow Form       |       |       |       |     1 ||     1
       Shadow Step       |       |       |       |     1 ||     1
Evoke: Wand              |       |       |    10 |    24 ||    34
       Sack of spiders   |       |       |     4 |     8 ||    12
  Use: Scroll            |       |     3 |     8 |    19 ||    30
       Potion            |       |     2 |     3 |     7 ||    12
 Stab: Sleeping          |     7 |     3 |    34 |    95 ||   139
       Distracted        |       |       |     1 |     5 ||     6
       Confused          |       |       |     3 |    17 ||    20
       Paralysed         |       |       |       |     1 ||     1
  Eat: Chunk             |     6 |     2 |     4 |    34 ||    46
